 Dungeon Crawl Stone Soup version 0.28-a0-1339-ga5422284a4 (webtiles) character file.

Game seed: 7401020440576753342

38927 tzalcoatl the Zephyrmancer (level 13, 0/115 HPs)
             Began as a Pale Draconian Air Elementalist on Dec 24, 2021.
             Was an Initiate of Gozag.
             Slain by a bog body (27 damage)
             ... on level 3 of the Lair of Beasts on Dec 28, 2021.
             The game lasted 03:11:06 (22865 turns).

tzalcoatl the Zephyrmancer (DrAE)                  Turns: 22865, Time: 03:11:07

Health: 0/115      AC: 12    Str: 10    XL:     13   Next: 66%
Magic:  3/22       EV: 19    Int: 21    God:    Gozag
Gold:   1846       SH:  9    Dex: 12    Spells: 11/24 levels left

rFire   + . .      SeeInvis .   a - +1 scimitar (flame)
rCold   . . .      Faith    .   t - +3 buckler
rNeg    . . .      Spirit   .   (armour unavailable)
rPois   .          Reflect  .   L - +1 hat
rElec   .          Harm     .   p - +0 cloak {Will+}
rCorr   .          Rampage  .   h - +1 pair of gloves
Will    +....                   (no boots)
Stlth   +++.......              (no amulet)
HPRegen 0.29/turn               x - ring of protection from fire
MPRegen 0.18/turn               M - +4 ring of evasion

@: short of breath, studying Necromancy
A: breathe steam, AC +8, unfitting armour, cold-blooded, steam resistance
a: Breathe Steam, Renounce Religion, Potion Petition, Call Merchant, Bribe
Branch


You were on level 3 of the Lair of Beasts.
You worshipped Gozag.
Gozag was most pleased with you.
You visited 2 branches of the dungeon, and saw 13 of its levels.
You also visited: Ice Cave.

You collected 3883 gold pieces.
You spent 120 gold pieces at shops.
You paid 1917 gold pieces to Gozag.

Inventory:

Hand Weapons
 a - a +1 scimitar of flaming (weapon)
 b - a +1 hand axe of electrocution
 c - a +5 spear of freezing
 d - a +2 antimagic falchion
 e - a +0 vampiric whip
 g - a +0 double sword of freezing
 B - a +4 scimitar
 C - a +2 flail of protection
Missiles
 D - 7 boomerangs
 Q - a throwing net
Armour
 h - a +1 pair of gloves (worn)
 p - a +0 cloak of willpower (worn)
 t - a +3 buckler (worn)
 L - a +1 hat (worn)
Jewellery
 u - the ring of the Garden {Fire Will- Str+7}
   (You found it on level 8 of the Dungeon)

   [ring of fire]

   It enhances your fire magic.
   Str:       It affects your strength (+7).
   rF:        It protects you from fire.
   rC:        It makes you vulnerable to cold.
   Will:      It decreases your willpower.
 x - a ring of protection from fire (left hand)
 G - a ring of flight
 M - a +4 ring of evasion (right hand)
Wands
 q - a wand of acid (14)
 r - a wand of polymorph (5)
 y - a wand of iceblast (8)
 A - a wand of paralysis (4)
 E - a wand of mindburst (9)
Scrolls
 f - 2 scrolls of teleportation
 j - a scroll of acquirement {unknown}
 l - 2 scrolls of brand weapon
 n - 2 scrolls of magic mapping
 o - 3 scrolls of vulnerability
 s - 3 scrolls of immolation
 F - 2 scrolls of enchant weapon
 H - a scroll of amnesia {unknown}
 O - a scroll of blinking {unknown}
 P - a scroll of fear {unknown}
Potions
 i - 3 potions of lignification
 k - a potion of ambrosia {unknown}
 m - 2 potions of cancellation {unknown}
 v - 4 potions of brilliance
 w - a potion of magic
 z - a potion of curing {unknown}
 I - 2 potions of haste
 N - a potion of resistance {unknown}
Miscellaneous
 J - a phial of floods
 K - a condenser vane


   Skills:
 + Level 10.9 Fighting
 - Level 5.0 Long Blades
 - Level 4.0 Axes
 - Level 8.0 Dodging
 - Level 6.0 Stealth
 + Level 8.1 Shields
 - Level 6.0 Spellcasting
 - Level 7.0 Conjurations
 - Level 11.1 Air Magic
 - Level 6.0 Poison Magic
 - Level 8.0 Evocations


You had 11 spell levels left.
You knew the following spells:

 Your Spells              Type           Power      Damage    Failure   Level
b - Static Discharge      Conj/Air       44%        N/A       1%          2
c - Mephitic Cloud        Conj/Pois/Air  40%        N/A       1%          3
d - Airstrike             Air            26%        N/A       1%          4
s - Swiftness             Air            52%        N/A       1%          3
z - Shock                 Conj/Air       100%       1d9       1%          1

Your spell library contained the following spells:

 Spells                   Type           Power      Damage    Failure   Level
 Magic Dart               Conj           100%       1d8       1%          1
 Call Imp                 Summ           6%         N/A       14%         2
 Alistair's Intoxication  Tmut/Pois      12%        N/A       61%         5
 Animate Dead             Necr           3%         N/A       67%         4
 Summon Ice Beast         Ice/Summ       6%         N/A       67%         4
 Borgnjor's Vile Clutch   Necr/Erth      3%         N/A       95%         5
 Summon Mana Viper        Hex/Summ       6%         N/A       95%         5
 Eringya's Noxious Bog    Tmut/Pois      9%         N/A       99%         6
 Death Channel            Necr           3%         N/A       100%        6
 Monstrous Menagerie      Summ           3%         N/A       100%        7


Dungeon Overview and Level Annotations

Branches:
Dungeon (10/15)            Temple (0/1) D:5            Lair (3/6) D:9
  Swamp (0/4) Lair:3       Spider (0/4) Lair:3        IceCv (visited)
    Orc: D:9-12

Altars:
Gozag
Hepliaklqana
Kikubaaqudgha
Trog
Yredelemnul

Shops:
D:2 ?**


Innate Abilities, Weirdness & Mutations

You can breathe blasts of scalding, opaque steam.
Your pale cyan-grey scales are hard. (AC +8)
You cannot fit into any form of body armour.
You are cold-blooded and may be slowed by cold attacks.
You are immune to the effects of steam.


Message History

Press: ? - help, v - describe, . - travel
Here: a bog body (moderately damaged)
The floor.
You're wearing all the rings you can.
Remove which one? (? for menu, Esc to cancel) < or
u - the ring of the Garden {Fire Will- Str+7} > or
M - a +4 ring of evasion You remove the ring of the Garden {Fire Will- Str+7}.
x - a ring of protection from fire (left hand)
The bog body gestures at you while chanting.
You resist with almost no effort.
Okay, then.
Aiming: Breathe Steam (1% risk of failure)
Press: ? - help, Shift-Dir - straight line, f/p - bog body
Aim: a bog body (moderately damaged)
You exhale a blast of scalding steam.
The ball of steam misses the bog body.
The bog body closely misses you.
Casting: Airstrike (mildly dangerous; 1% risk of failure)
Confirm with . or Enter, or press ? or * to list all spells.
You can't see any susceptible monsters within range! (Use Z to cast anyway.)
Casting: Airstrike (mildly dangerous; 1% risk of failure)
Confirm with . or Enter, or press ? or * to list all spells.
Aiming: Airstrike (mildly dangerous; 1% risk of failure)
Press: ? - help, Dir - move target, f/p - bog body
Aim: a bog body (steam, moderately damaged, empty space bonus: 6/8)
The air twists around and strikes the bog body!
The bog body is severely damaged.
You block the bog body's attack.
Casting: Airstrike (mildly dangerous; 1% risk of failure)
Confirm with . or Enter, or press ? or * to list all spells.
Aiming: Airstrike (mildly dangerous; 1% risk of failure)
Press: ? - help, Dir - move target, f/p - bog body
Aim: a bog body (severely damaged, empty space bonus: 6/8)
The air twists around and strikes the bog body!
The bog body is almost destroyed.
The bog body touches you!
* * * LOW HITPOINT WARNING * * *
The bog body freezes you!!
You die...
Your body crumbles into a pile of gold.

.....§≈§§§. #####
##.#.§.....## ....###
##....§.......
....".#♣♣##............
.≈.[.....# #../......#.
......#♣♣###....§......
....### #......§§###. #.###
###.#..n.## ♣.♣♣♣♣♣ #####@..#
. ......♣♣♣#♣♣.♣♣#..## ..
.........#≈≈≈P♣#..####.#
......♣♣♣#♣♣P≈♣#....##.##
♣.♣♣♣♣♣ ♣♣♣≈#.....#..###
#'########♣♣♣♣≈#..........##
...#.♣.♣.#♣≈♣♣≈#..........P#
...♣..♣..♣≈≈≈.≈#..#..#..#.P#
>8<'...[...≈.≈.........#..###


You could see a bog body.

Vanquished Creatures
  The ghost of Midn8 the Geomancer, a journeyman FoEE of Yredelemnul (D:10)
  3 two-headed ogres
  Erica (D:9)
  5 hydras (Lair:3)
  A death yak (Lair:3)
  A fire crab (Lair:3)
  A bog body (Lair:3)
  The ghost of ragingrage the Spear-Bearer, a novice GrGl (D:8)
  A necromancer (IceCv)
  An ugly thing (IceCv)
  Joseph (D:9)
  2 black mambas (Lair:1)
  An elephant (Lair:3)
  7 cane toads
  Maggie (D:6)
  An ice statue (IceCv)
  3 anaconda simulacra (IceCv)
  5 freezing wraiths (IceCv)
  12 ice devils (IceCv)
  A troll (D:10)
  8 komodo dragons
  A hornet (D:9)
  Prince Ribbit (D:6)
  9 blink frogs
  A dream sheep (Lair:3)
  3 slime creatures (D:8)
  34 yaks
  2 basilisks
  6 wyverns
  4 death yak simulacra (IceCv)
  3 steam dragons
  Grum (D:9)
  2 harpy simulacra (IceCv)
  9 water moccasins
  A sky beast (D:6)
  6 ice beasts
  2 ogres
  3 orc warriors
  A black bear (D:8)
  14 wolves
  5 centaurs
  2 phantoms
  Blork the orc (D:6)
  A kobold brigand (D:8)
  2 gnoll sergeants
  2 two-headed ogre simulacra (IceCv)
  6 scorpions
  13 bullfrogs
  6 cane toad simulacra (IceCv)
  A water moccasin zombie (D:6)
  3 water moccasin skeletons
  3 elephant simulacra (IceCv)
  11 killer bees
  14 wights
  6 howler monkeys
  3 centaur zombies
  4 jellies (D:4)
  A bullfrog skeleton (D:5)
  3 centaur skeletons
  3 hounds
  Crazy Yiuf (D:3)
  5 orc priests
  3 iguanas
  Jessica (D:3)
  2 gnoll shamans
  9 orc wizards
  A troll simulacrum (IceCv)
  3 polar bear simulacra (IceCv)
  A spriggan simulacrum (IceCv)
  4 wolf simulacra (IceCv)
  2 centaur simulacra (D:8)
  2 hound skeletons
  2 howler monkey zombies
  10 adders
  28 gnolls
  17 white imps
  2 howler monkey simulacra (D:8)
  2 ufetubi (IceCv)
  2 worms
  3 dart slugs
  22 orcs
  5 ball pythons
  6 endoplasms
  6 giant cockroaches
  8 goblins
  6 hobgoblins
  3 jackals (D:2)
  9 kobolds
  4 quokkas
  5 bats
  5 frilled lizards
  5 rats
  A spectral goblin (D:1)
436 creatures vanquished.

Vanquished Creatures (others)
  An ufetubus (D:6)
  20 fungi
  45 plants
66 creatures vanquished.

Grand Total: 502 creatures vanquished

Notes
Turn   | Place    | Note
-------+----------+-------------------------------------------
     0 | D:1      | tzalcoatl the Draconian Air Elementalist began the quest
                  | for the Orb.
     0 | D:1      | Reached XP level 1. HP: 14/14 MP: 3/3
   291 | D:1      | Reached XP level 2. HP: 20/20 MP: 1/5
   628 | D:1      | Found a faded altar of an unknown god.
   908 | D:1      | Reached XP level 3. HP: 26/26 MP: 4/6
  1240 | D:2      | Found Zadwer's Magic Scroll Boutique.
  1558 | D:2      | Learned a level 2 spell: Static Discharge
  1562 | D:2      | Learned a level 3 spell: Swiftness
  1594 | D:2      | Reached skill level 1 in Fighting
  1647 | D:2      | Found Lecam's General Store.
  1685 | D:2      | Found a basalt altar of Yredelemnul.
  1746 | D:2      | Found Haull's Assorted Antiques.
  1751 | D:2      | Bought a runed falchion for 120 gold pieces
  2046 | D:3      | Reached XP level 4. HP: 35/35 MP: 4/7
  2336 | D:3      | Found a runed translucent door.
  2337 | D:3      | Noticed Crazy Yiuf
  2426 | D:3      | Noticed Jessica
  2435 | D:3      | Killed Jessica
  2997 | D:3      | Found an ancient bone altar of Kikubaaqudgha.
  3071 | D:3      | Killed Crazy Yiuf
  3072 | D:3      | Reached skill level 4 in Air Magic
  3072 | D:3      | Reached XP level 5. HP: 23/41 MP: 1/8
  3466 | D:4      | Reached XP level 6. HP: 29/50 MP: 2/9
  3894 | D:4      | Found an opulent altar of Gozag.
  3919 | D:4      | Became a worshipper of Gozag Ym Sagoz the Greedy
  3943 | D:4      | Noticed an ice beast
  3957 | D:4      | Killed an ice beast
  4159 | D:4      | Reached skill level 5 in Air Magic
  4233 | D:4      | Your scales start taking on a pale cyan-grey colour.
  4233 | D:4      | Reached XP level 7. HP: 59/59 MP: 5/10
  4233 | D:4      | Gained mutation: You are immune to the effects of steam.
                  | [Pale Draconian growth]
  4673 | D:4      | Reached skill level 6 in Air Magic
  4805 | D:5      | Entered Level 5 of the Dungeon
  4836 | D:5      | Found a staircase to the Ecumenical Temple.
  4850 | D:5      | HP: 1/90 [ogre (12)]
  4870 | D:5      | HP: 3/60 [orc priest/divine providence (12)]
  4877 | D:5      | Reached skill level 5 in Dodging
  5302 | D:5      | Reached skill level 1 in Shields
  5307 | D:5      | Reached skill level 5 in Fighting
  5311 | D:5      | Reached XP level 8. HP: 68/68 MP: 0/11
  6839 | D:6      | Learned a level 4 spell: Airstrike
  7008 | D:6      | Noticed Maggie
  7021 | D:6      | Killed Maggie
  7022 | D:6      | Reached skill level 1 in Evocations
  7022 | D:6      | Reached XP level 9. HP: 47/75 MP: 5/13
  7732 | D:6      | Reached skill level 5 in Stealth
  8009 | D:6      | Noticed Blork the orc
  8014 | D:6      | Noticed Prince Ribbit
  8016 | D:6      | Killed Blork the orc
  8040 | D:6      | Killed Prince Ribbit
  8447 | D:7      | Reached skill level 5 in Evocations
  8914 | D:7      | Reached XP level 10. HP: 83/83 MP: 13/16
  9272 | D:8      | Reached skill level 1 in Long Blades
  9365 | D:8      | Reached skill level 5 in Conjurations
  9570 | D:8      | Found a runed translucent gate.
  9572 | D:8      | Noticed a two-headed ogre
  9583 | D:8      | Found a runed translucent gate.
  9583 | D:8      | Found a runed translucent gate.
  9604 | D:8      | Killed a two-headed ogre
  9605 | D:8      | Reached skill level 1 in Axes
  9739 | D:8      | Noticed ragingrage's ghost (novice GrGl)
  9939 | D:8      | Reached skill level 7 in Air Magic
 11018 | D:8      | Killed ragingrage's ghost
 11019 | D:8      | Reached skill level 5 in Spellcasting
 11019 | D:8      | Reached skill level 8 in Air Magic
 11110 | D:8      | Got the ring of the Garden {Fire Will- Str+7}
 11142 | D:8      | Upgraded the game from 0.28-a0-1235-g7c8fac35f0 to
                  | 0.28-a0-1286-g6bde065e89
 11159 | D:9      | Learned a level 3 spell: Mephitic Cloud
 11180 | D:9      | Noticed a two-headed ogre
 11185 | D:9      | Killed a two-headed ogre
 11186 | D:9      | Reached XP level 11. HP: 89/89 MP: 13/19
 11499 | D:9      | Reached skill level 9 in Air Magic
 11588 | D:9      | Found a staircase to the Lair.
 11614 | D:9      | Noticed Erica
 11677 | D:9      | Killed Erica
 11678 | D:9      | Reached skill level 1 in Poison Magic
 11769 | D:9      | Upgraded the game from 0.28-a0-1286-g6bde065e89 to
                  | 0.28-a0-1312-g71652a0310
 12165 | D:9      | Noticed Joseph
 12182 | D:9      | Killed Joseph
 12779 | D:9      | Noticed Grum
 12811 | D:9      | Killed Grum
 13007 | D:10     | Entered Level 10 of the Dungeon
 13025 | D:10     | Found a hazy altar of Hepliaklqana.
 13175 | D:10     | Found a large runed translucent door.
 13175 | D:10     | Found a large runed translucent door.
 13179 | D:10     | Noticed Midn8's ghost (journeyman FoEE)
 13499 | D:10     | Noticed a two-headed ogre
 13507 | D:10     | Killed a two-headed ogre
 13595 | D:10     | Found a bloodstained altar of Trog.
 13974 | D:10     | Killed Midn8's ghost
 13975 | D:10     | Reached XP level 12. HP: 64/101 MP: 5/21
 14200 | Lair:1   | Entered Level 1 of the Lair of Beasts
 14221 | Lair:1   | Reached skill level 5 in Poison Magic
 14313 | Lair:1   | Found a frozen archway.
 14587 | IceCv    | Entered an ice cave
 15822 | IceCv    | Found an ancient bone altar of Kikubaaqudgha.
 15833 | IceCv    | Reached skill level 10 in Air Magic
 16897 | IceCv    | Reached skill level 5 in Long Blades
 18743 | IceCv    | Reached skill level 5 in Shields
 19313 | Lair:1   | Reached skill level 11 in Air Magic
 19721 | Lair:1   | Reached XP level 13. HP: 110/110 MP: 22/22
 21312 | Lair:3   | Found a hole to the Spider Nest.
 21873 | Lair:3   | Reached skill level 10 in Fighting
 22118 | Lair:3   | Identified the +7 shortbow of Tobrock {venom, rN++ Int+3}
 22849 | Lair:3   | Upgraded the game from 0.28-a0-1312-g71652a0310 to
                  | 0.28-a0-1339-ga5422284a4
 22849 | Lair:3   | Found a staircase to the Swamp.
 22865 | Lair:3   | Slain by a bog body

Illustrated notes

Levels and vault maps discovered:
D:1:      kennysheep_arrival_seaside, layout_basic,
          dreamdust_ecumenical_altar_drowned_temple, minmay_octomino_e4
D:2:      minmay_recursive_quarters, layout_loops_cross, basic_altar,
          serial_shops, nicolae_shop_statue_plus, nicolae_shop_waterfront,
          nicolae_shop_stone, shop, ebering_dispersal_statue_hall
D:3:      layout_basic, mainiacjoe_overflow_alcove_4, uniq_crazy_yiuf_cottage,
          uniq_jessica
D:4:      minmay_angry_zag, layout_rooms, nicolae_gozag_seed_capital,
          grunt_ministairs_4, grunt_tough_drop
D:5:      layout_loops_ring, minmay_temple_entry_large_hall
D:6:      minmay_chambers_of_threes, layout_layer_cave, uniq_maggie,
          uniq_blork_the_orc, uniq_prince_ribbit1
D:7:      layout_loops_ring
D:8:      gammafunk_indiana_jones, layout_gridville, gammafunk_ghost_icy,
          nrook_mini_backslash
D:9:      layout_roguey, minmay_lair_entry_grove, uniq_erica, uniq_grum,
          uniq_joseph
D:10:     layout_irregular_city, overflow_temple_1_default, trog_book,
          ebering_ghost_disaster_area
Lair:1:   layout_misc_corridors, portal_ice_cave_entry_imps
Lair:2:   layout_cave_pods, grunt_megastairs_4
Lair:3:   nzn_winding_woodlands_stair_cross
          [nzn_winding_woodlands_5x15_lazy_stream,
          nzn_winding_woodlands_center_garden,
          nzn_winding_woodlands_5x15_default, nzn_winding_woodlands_hourglass,
          nzn_winding_woodlands_5x5_open_star,
          nzn_winding_woodlands_5x15_sidewinder,
          nzn_winding_woodlands_center_diamonds,
          nzn_winding_woodlands_5x15_pathside_ponds], layout_loops_ring,
          skrybe_swamp_entry_bodies, dummy_spider_entry, beast_lair_carwin_9

Skill      XL: |  1  2  3  4  5  6  7  8  9 10 11 12 13 |
---------------+----------------------------------------+-----
Stealth        | 2 3 6 |  6.0
Dodging        | 2 3 4 5 6 8 |  8.0
Conjurations   | 2 3 4 6 7 |  7.0
Fighting       | 1 2 4 5 6 8 10 | 10.9
Air Magic      | 4 5 6 8 9 11 | 11.1
Shields        | 1 4 5 8 |  8.1
Spellcasting   | 3 4 5 6 |  6.0
Evocations     | 1 6 8 |  8.0
Long Blades    | 2 5 |  5.0
Axes           | 4 |  4.0
Poison Magic   | 4 6 |  6.0

Action                   |  1- 3 |  4- 6 |  7- 9 | 10-12 | 13-15 || total
-------------------------+-------+-------+-------+-------+-------++-------
Melee: Unarmed           |     5 |       |       |       |       ||     5
       Short sword       |    26 |    25 |    39 |     2 |       ||    92
       Dagger            |     4 |       |       |     4 |       ||     8
       Club              |     4 |       |       |       |       ||     4
       Tailslap          |     4 |     3 |    13 |    24 |    13 ||    57
       Quarterstaff      |       |    22 |    60 |       |       ||    82
       Falchion          |       |       |    25 |       |       ||    25
       Hand axe          |       |       |       |    78 |     5 ||    83
       Scimitar          |       |       |       |   107 |    91 ||   198
       Spear             |       |       |       |    29 |    47 ||    76
 Cast: Shock             |    67 |    72 |   175 |   359 |   106 ||   779
       Static Discharge  |       |    11 |    29 |    89 |    17 ||   146
       Mephitic Cloud    |       |       |       |     8 |     2 ||    10
       Airstrike         |       |       |       |     2 |     7 ||     9
Invok: Potion Petition   |       |       |       |     4 |       ||     4
 Abil: Breathe Steam     |       |       |    26 |   159 |    40 ||   225
Evoke: Wand              |       |       |       |    12 |       ||    12
       Phial of floods   |       |       |       |     1 |       ||     1
  Use: Potion            |       |       |     2 |     2 |       ||     4
       Scroll            |       |       |       |    15 |     3 ||    18
 Stab: Distracted        |       |       |       |     2 |     1 ||     3
       Confused          |       |       |       |     1 |       ||     1
Armor: Skin              |    19 |    27 |    55 |    77 |    25 ||   203
Dodge: Dodged            |    29 |    55 |   102 |   169 |    86 ||   441
Block: Buckler           |       |       |    17 |    92 |    58 ||   167

Table legend: (Time is in decaauts)
 A = Elapsed time spent in this place.
 B = Non-inter-level travel time spent in this place.
 C = Inter-level travel time spent in this place.
 D = Time resting spent in this place.
 E = Time spent auto-exploring this place.
 F = Levels seen in this place.
 G = Mean time per level.
                   A        B        C        D        E       F      G
               +--------+--------+--------+--------+--------+-----+--------+
         Total |  22993 |  22668 |    325 |   4194 |  13629 |  14 | 1642.4 |
       Dungeon |  14266 |  13998 |    268 |   1306 |   9833 |  10 | 1426.6 |
          Lair |   4256 |   4200 |     56 |    155 |   3190 |   3 | 1418.7 |
      Ice Cave |   4470 |   4470 |      0 |   2732 |    606 |   1 | 4470.0 |
               +--------+--------+--------+--------+--------+-----+--------+

Top non-repeatable levels by time:
   IceCv: 4470 daAuts
     D:8: 1874 daAuts
     D:4: 1822 daAuts
     D:9: 1745 daAuts
  Lair:3: 1686 daAuts
     D:5: 1576 daAuts
     D:6: 1573 daAuts
  Lair:1: 1403 daAuts
     D:3: 1299 daAuts
     D:7: 1229 daAuts
     D:1: 1224 daAuts
  Lair:2: 1166 daAuts
    D:10: 1166 daAuts
     D:2: 753 daAuts
